 Dungeon Crawl Stone Soup version 0.30-a0-135-g630cfc4551 (webtiles) character file.

Game seed: 7721156063652911045

28387 tbh1313 the Severer (level 13, -9/113 HPs)
             Began as a Minotaur Berserker on Sept 20, 2022.
             Was a High Priest of Trog.
             Mangled by a white ugly thing (28 damage)
             ... on level 14 of the Dungeon.
             The game lasted 00:32:44 (19473 turns).

tbh1313 the Severer (Minotaur Berserker)           Turns: 19473, Time: 00:32:45

Health: -9/113     AC: 15    Str: 22    XL:     13   Next: 9%
Magic:  12/12      EV: 11    Int:  8    God:    Trog [*****.]
Gold:   417        SH:  5    Dex: 11    Spells: 12/12 levels left

rFire   . . .      SeeInvis .    a - +5 executioner's axe (drain)
rCold   . . .      Faith    .    (shield currently unavailable)
rNeg    + . .      Spirit   .    w - +0 chain mail
rPois   .          Reflect  +    (helmet restricted)
rElec   .          Harm     .    B - +0 cloak
rCorr   +          Rampage  .    d - +1 pair of gloves
Will    .....                    (no boots)
Stlth   ..........               C - amulet of reflection
HPRegen 0.28/turn                t - ring of resist corrosion
MPRegen 0.13/turn                z - ring of positive energy

@: no status effects
A: horns 2, retaliatory headbutt
a: Renounce Religion, Berserk, Trog's Hand, Brothers in Arms


You were on level 14 of the Dungeon.
You worshipped Trog.
Trog was extremely pleased with you.
You visited 3 branches of the dungeon, and saw 16 of its levels.

You collected 753 gold pieces.
You spent 336 gold pieces at shops.

Inventory:

Hand Weapons
 a - a +5 executioner's axe of draining (weapon)
 b - the +5 hand axe "Miezueng" {flame, rC+ Int-2 SInv}
   (Trog gifted it to you on level 13 of the Dungeon)

   It burns those it strikes, dealing additional fire damage.
   Big, fiery blades are also staple armaments of hydra-hunters.
   Int:       It affects your intelligence (-2).
   rC:        It protects you from cold.
   SInv:      It lets you see invisible.
Missiles
 c - 2 javelins (quivered)
Armour
 d - a +1 pair of gloves (worn)
 w - a +0 chain mail (worn)
 B - a +0 cloak (worn)
 J - a scarf of shadows
Jewellery
 o - an amulet of the acrobat
 t - a ring of resist corrosion (left hand)
 z - a ring of positive energy (right hand)
 C - an amulet of reflection (around neck)
 L - a ring of ice
Wands
 f - a wand of iceblast (14)
 j - a wand of polymorph (5)
 D - a wand of flame (23)
 H - a wand of paralysis (9)
 N - a wand of quicksilver (3)
 P - a wand of mindburst (4)
Scrolls
 g - a scroll of enchant weapon
 i - 3 scrolls of magic mapping
 n - 3 scrolls of teleportation
 r - a scroll of immolation
 s - 4 scrolls of fear
 x - a scroll of noise
 y - a scroll of poison
 A - a scroll of enchant armour
 F - 3 scrolls of fog
 M - 3 scrolls of identify
 O - 3 scrolls of torment
 Q - a scroll of acquirement
Potions
 e - 5 potions of curing
 h - 4 potions of flight
 k - a potion of might
 l - 4 potions of degeneration
 m - 2 potions of mutation
 p - 4 potions of lignification
 q - 4 potions of magic
 u - a potion of resistance
 E - 3 potions of brilliance
 G - 2 potions of attraction


   Skills:
 - Level 10.0 Fighting
 + Level 20.3 Axes
 - Level 1.5(13.4) Maces & Flails
 - Level 10.0 Armour
 - Level 10.0 Dodging


You had 12 spell levels left.
You didn't know any spells.
Your spell library contained the following spells:

 Spells                   Type           Power      Damage    Failure   Level
 Cigotuvi's Dreadful Rot  Necr/Pois/Air  0%         N/A       99%         2
 Poisonous Vapours        Pois/Air       0%         N/A       99%         2
 Call Canine Familiar     Summ           0%         N/A       100%        3
 Portal Projectile        Hex/Tloc       0%         N/A       100%        3
 Animate Armour           Summ/Erth      0%         N/A       100%        4
 Leda's Liquefaction      Hex/Erth       0%         N/A       100%        4
 Blade Hands              Tmut           0%         N/A       100%        5
 Summon Forest            Summ/Tloc      0%         N/A       100%        5
 Eringya's Noxious Bog    Tmut/Pois      0%         N/A       100%        6
 Iron Shot                Conj/Erth      0%         9d1       100%        6
 Summon Hydra             Summ           0%         N/A       100%        7
 Chain Lightning          Conj/Air       0%         N/A       100%        9
 Fire Storm               Conj/Fire      0%         5d1       100%        9
 Shatter                  Erth           0%         3d5*      100%        9


Dungeon Overview and Level Annotations

Branches:
Dungeon (14/15)            Temple (0/1) D:7            Lair (1/5) D:11
    Orc (1/2) D:11
 Vaults: D:13-14

Altars:
Cheibriados
Dithmenos
Fedhas
Okawaru
Qazlal
Trog
Uskayaw
Vehumet
Wu Jian
Xom
Yredelemnul
Zin

Shops:
D:11 *   D:13 ?


Innate Abilities, Weirdness & Mutations

You have a pair of horns on your head.
You reflexively headbutt those who attack you in melee.


Message History

You hit the white ugly thing. You drain the white ugly thing.
You closely miss the red ugly thing. You headbutt the red ugly thing.
The red ugly thing is lightly wounded.
You slice the white ugly thing!!
You kill the white ugly thing!
Trog accepts your kill.
You slice the red ugly thing!! You drain the red ugly thing!
The red ugly thing basks in the mutagenic energy from its kin and changes!
You block the red ugly thing's attack.
You slash the red ugly thing!
The red ugly thing is moderately wounded.
You barely miss the red ugly thing. The red ugly thing barely misses you.
You furiously retaliate!
You headbutt the red ugly thing!
You cut the white ugly thing into ribbons!!!
You kill the white ugly thing!
Trog accepts your kill.
You barely miss the red ugly thing.
You hit the red ugly thing but do no damage.
You drain the red ugly thing.
The red ugly thing basks in the mutagenic energy from its kin and changes!
The red ugly thing tail-slaps you!
You are engulfed in flames!
The white ugly thing kicks you but does no damage.
The red ugly thing tail-slaps you but does no damage.
You see here an ugly thing corpse.
You slash the red ugly thing!
The red ugly thing is almost dead.
You slash the white ugly thing! You drain the white ugly thing.
You completely miss the white ugly thing.
The white ugly thing kicks you. The white ugly thing freezes you!!
The cyclops throws a large rock.
The large rock hits you!!
* * * LOW HITPOINT WARNING * * *
The red ugly thing barely misses you.
You closely miss the red ugly thing. You headbutt the red ugly thing!
You kill the red ugly thing!
Trog accepts your kill.
You closely miss the white ugly thing. You slash the white ugly thing!
The white ugly thing trunk-slaps you.
* * * LOW HITPOINT WARNING * * *
The white ugly thing freezes you!!
You die...

... ##. ...####.. #
........# ###. #
........###.. .#
.............######.#
.....C... #.##......#
.......u###.##......#
..###.@†##.##......#
.......u......).....#
...###.#.##.##......###
# #..#.##.##..†.....#
...##.)..##<.....#..
..................#
.##............##..#
##.(....(....# #..#
..^........# #...


You could see 2 ugly things and a cyclops.

Levels and vault maps discovered:
D:1:      mrwooster_arrival_statue_3, layout_basic,
          ebering_ecumenical_altar_rust
D:2:      layout_basic, basic_altar, nrook_campfire, grunt_decor_one_mirror,
          uniq_terence
D:3:      layout_basic, hangedman_decor_diamond_cutter
D:4:      layout_rooms, serial_aquarium, aquarium_bridge_square
          [aquarium_subvault_bridge, aquarium_subvault_balcony,
          aquarium_subvault_bridge, aquarium_subvault_wall],
          aquarium_window_fake, aquarium_window_corridor_1,
          aquarium_window_double, aquarium_view_4, uniq_blork_the_orc,
          uniq_robin
D:5:      layout_loops_corners, uniq_crazy_yiuf_cottage
D:6:      layout_basic, mainiacjoe_overflow_alcove_2
D:7:      layout_basic, nicolae_yredelemnul_corpse_copse,
          grunt_dithmenos_shadows, minmay_temple_entry_large_hall,
          hex_intersection
D:8:      layout_gridville, minmay_misc_feat_five, uniq_joseph
D:9:      layout_roguey, amcnicky_altar_gilded, zin_academy,
          mainiacjoe_overflow_alcove_3
D:10:     layout_roguey, kennysheep_mini_moat,
          mainiacjoe_overflow_cross_hatched, corexii_corridor_pit
D:11:     layout_gridville, dpeg_lair_monsters, orc_0_dummy,
          nicolae_blasting_shop, minmay_pinched_square
D:12:     layout_roguey
D:13:     layout_basic, serial_shops, shop, minmay_misc_feat_diagonals,
          uniq_josephine
D:14:     layout_rooms, david_vaults_5, serial_curves, eino_curves_01,
          eino_curves_02, eino_curves_04, eino_curves_01
Lair:1:   layout_regular_city, grunt_forest_stairs_basic, uniq_gastronok
Orc:1:    layout_diamond_mine, lemuel_statue_altar, minmay_orc_temple_c

Notes
Turn   | Place    | Note
-------+----------+-------------------------------------------
     0 | D:1      | tbh1313 the Minotaur Berserker began the quest for the Orb.
     0 | D:1      | Reached XP level 1. HP: 19/19 MP: 0/0
    24 | D:1      | Found a faded altar of an unknown god.
   147 | D:1      | Reached skill level 4 in Axes
   293 | D:1      | Reached XP level 2. HP: 21/26 MP: 1/1
   888 | D:1      | Reached skill level 5 in Axes
  1113 | D:2      | Reached XP level 3. HP: 20/31 MP: 2/2
  1953 | D:2      | Noticed Terence
  1965 | D:2      | Killed Terence
  1966 | D:2      | Reached skill level 6 in Axes
  1966 | D:2      | Reached XP level 4. HP: 23/39 MP: 3/3
  2126 | D:2      | Found an iron altar of Okawaru.
  2224 | D:2      | Reached ** piety under Trog
  2849 | D:3      | Reached XP level 5. HP: 45/45 MP: 4/4
  2860 | D:3      | Reached skill level 7 in Axes
  3531 | D:4      | Noticed Robin
  3544 | D:4      | Killed Robin
  3676 | D:4      | Reached skill level 8 in Axes
  3684 | D:4      | Reached XP level 6. HP: 32/51 MP: 5/5
  3997 | D:4      | Reached *** piety under Trog
  4033 | D:4      | Noticed Blork the orc
  4040 | D:4      | Killed Blork the orc
  4385 | D:4      | Reached skill level 9 in Axes
  4479 | D:5      | Entered Level 5 of the Dungeon
  4655 | D:5      | Reached XP level 7. HP: 42/57 MP: 6/6
  4865 | D:5      | Reached skill level 10 in Axes
  5523 | D:5      | Reached skill level 11 in Axes
  5676 | D:5      | Reached XP level 8. HP: 58/64 MP: 7/7
  6097 | D:5      | Found a runed translucent door.
  6098 | D:5      | Noticed Crazy Yiuf
  6108 | D:5      | Killed Crazy Yiuf
  6243 | D:6      | Reached skill level 12 in Axes
  6456 | D:6      | Reached skill level 13 in Axes
  6931 | D:6      | Reached skill level 14 in Axes
  7079 | D:6      | Found a blossoming altar of Fedhas.
  7272 | D:7      | Reached **** piety under Trog
  7341 | D:7      | Reached XP level 9. HP: 67/70 MP: 8/8
  7344 | D:7      | Identified a scroll of acquirement
  7346 | D:7      | Acquired a +5 executioner's axe of electrocution
  7735 | D:7      | Found a staircase to the Ecumenical Temple.
  7866 | D:7      | Reached skill level 15 in Axes
  7960 | D:7      | Found a basalt altar of Yredelemnul.
  8313 | D:7      | Found a shadowy altar of Dithmenos.
  8437 | D:8      | Reached skill level 16 in Axes
  8477 | D:8      | Noticed Joseph
  8502 | D:8      | Killed Joseph
  8503 | D:8      | Reached skill level 5 in Fighting
  8655 | D:8      | Paralysed by an orc wizard for 5 turns
  9001 | D:8      | Reached XP level 10. HP: 74/86 MP: 9/9
  9941 | D:9      | Found a snail-covered altar of Cheibriados.
  9995 | D:9      | Reached skill level 10 in Fighting
 10376 | D:9      | Found a radiant altar of Vehumet.
 10377 | D:9      | Found a shimmering altar of Xom.
 10378 | D:9      | Found a bloodstained altar of Trog.
 10378 | D:9      | Found an ornate altar of the Wu Jian Council.
 10441 | D:9      | Found a glowing silver altar of Zin.
 10669 | D:10     | Entered Level 10 of the Dungeon
 10770 | D:10     | Reached skill level 5 in Armour
 10826 | D:10     | Noticed a two-headed ogre
 10832 | D:10     | Killed a two-headed ogre
 11671 | D:10     | Found a stormy altar of Qazlal.
 11882 | D:10     | Found a hide-covered altar of Uskayaw.
 11981 | D:11     | Noticed a death yak
 11982 | D:11     | Found a staircase to the Lair.
 11982 | D:11     | Noticed a death yak
 12005 | D:11     | Noticed a death yak
 12012 | D:10     | Killed a death yak
 12013 | D:10     | Reached XP level 11. HP: 76/99 MP: 10/10
 12514 | D:11     | Reached ***** piety under Trog
 12619 | D:11     | Found a staircase to the Orcish Mines.
 12644 | D:11     | Reached skill level 10 in Armour
 12913 | D:11     | Found Zukliss's Demolitions Depot.
 12925 | D:11     | Killed a death yak
 12926 | D:11     | Reached skill level 5 in Dodging
 12933 | D:11     | Killed a death yak
 14061 | D:11     | Identified the +4 dire flail of Equivalence {elec, rPois
                  | Will+ Dex+4}
 14696 | D:11     | Noticed a centaur warrior
 15239 | D:11     | Killed a centaur warrior
 15240 | D:11     | Reached skill level 10 in Dodging
 15240 | D:11     | Reached skill level 1 in Maces & Flails
 15498 | D:11     | Noticed a two-headed ogre
 15505 | D:11     | Killed a two-headed ogre
 15506 | D:11     | Reached XP level 12. HP: 106/106 MP: 11/11
 16019 | Orc:1    | Entered Level 1 of the Orcish Mines
 16019 | Orc:1    | Noticed an orc high priest
 16232 | Lair:1   | Entered Level 1 of the Lair of Beasts
 16332 | D:12     | Reached skill level 17 in Axes
 17098 | D:11     | HP: 10/106 [black mamba (2)]
 17473 | D:11     | Reached skill level 18 in Axes
 17708 | D:13     | Noticed a centaur warrior
 17713 | D:13     | Killed a centaur warrior
 17904 | D:13     | Found Ecvucy's Magic Scroll Shop.
 17913 | D:13     | Bought a scroll of identify for 32 gold pieces
 17913 | D:13     | Bought a scroll of magic mapping for 120 gold pieces
 17913 | D:13     | Bought a scroll of blinking for 120 gold pieces
 17913 | D:13     | Bought a scroll of fog for 64 gold pieces
 18015 | D:13     | Noticed Josephine
 18020 | D:13     | Killed Josephine
 18021 | D:13     | Reached skill level 19 in Axes
 18097 | D:13     | Noticed a catoblepas
 18111 | D:13     | Killed a catoblepas
 18125 | D:13     | Noticed a boulder beetle
 18135 | D:13     | Killed a boulder beetle
 18841 | Lair:1   | Noticed a death yak
 18842 | Lair:1   | Noticed a death yak
 18844 | Lair:1   | Noticed a death yak
 18844 | Lair:1   | Noticed a death yak
 18850 | Lair:1   | Noticed a death yak
 19206 | D:13     | Identified the +5 hand axe "Miezueng" {flame, rC+ Int-2
                  | SInv} (Trog gifted it to you on level 13 of the Dungeon)
 19206 | D:13     | Received a gift from Trog
 19402 | D:14     | Reached skill level 20 in Axes
 19402 | D:14     | Reached XP level 13. HP: 113/113 MP: 12/12
 19473 | D:14     | Mangled by a white ugly thing

Table legend: (Time is in decaauts)
 A = Elapsed time spent in this place.
 B = Non-inter-level travel time spent in this place.
 C = Inter-level travel time spent in this place.
 D = Time resting spent in this place.
 E = Time spent auto-exploring this place.
 F = Levels seen in this place.
 G = Mean time per level.
                   A        B        C        D        E       F      G
               +--------+--------+--------+--------+--------+-----+--------+
         Total |  19391 |  18488 |    903 |   7290 |   9137 |  16 | 1211.9 |
       Dungeon |  19328 |  18430 |    898 |   7290 |   9123 |  14 | 1380.6 |
          Lair |     60 |     57 |      3 |      0 |     14 |   1 |   60.0 |
  Orcish Mines |      2 |      2 |      0 |      0 |      0 |   1 |    2.0 |
               +--------+--------+--------+--------+--------+-----+--------+

Top non-repeatable levels by time:
    D:11: 4022 daAuts
    D:10: 1735 daAuts
     D:5: 1734 daAuts
    D:13: 1618 daAuts
     D:2: 1608 daAuts
     D:7: 1365 daAuts
     D:8: 1282 daAuts
    D:12: 1250 daAuts
     D:4: 1173 daAuts
     D:1: 1065 daAuts
     D:6: 1037 daAuts
     D:9: 725 daAuts
     D:3: 635 daAuts
    D:14: 73 daAuts
  Lair:1: 60 daAuts

Table legend:
 A = Kills in this place as a percentage of kills in entire the game.
 B = Kills by you in this place as a percentage of kills by you in the entire game.
 C = Kills by friends in this place as a percentage of kills by friends in the entire game.
 D = Other kills in this place as a percentage of other kills in the entire game.
 E = Experience gained in this place as a percentage of experience gained in the entire game.
 F = Experience gained in this place divided by the number of levels of this place that you have seen.
                   A       B       C       D       E      F
               +-------+-------+-------+-------+-------+----------------------
         Total | 100.0 | 100.0 |   N/A |   N/A | 100.0 | 2565.7
       Dungeon |  97.9 |  97.9 |   N/A |   N/A |  96.8 | 2838.9
          Lair |   2.1 |   2.1 |   N/A |   N/A |   3.2 | 1307.0
               +-------+-------+-------+-------+-------+----------------------

Action                   |  1- 3 |  4- 6 |  7- 9 | 10-12 | 13-15 || total
-------------------------+-------+-------+-------+-------+-------++-------
Melee: Hand axe          |    70 |    89 |       |       |       ||   159
       Headbutt          |     9 |    24 |    63 |   128 |     5 ||   229
       War axe           |       |    33 |   310 |   403 |       ||   746
       Punch             |       |       |     3 |    10 |       ||    13
       Executioner's axe |       |       |       |   110 |    12 ||   122
Invok: Berserk           |       |     1 |     3 |     3 |       ||     7
       Trog's Hand       |       |       |     2 |     5 |       ||     7
Evoke: Wand              |       |       |       |     1 |       ||     1
  Use: Scroll            |       |     7 |     9 |    12 |       ||    28
       Potion            |       |       |     3 |     7 |       ||    10
 Stab: Sleeping          |     1 |       |       |       |       ||     1
Armor: Animal skin       |     2 |       |       |       |       ||     2
       Ring mail         |    19 |    26 |       |       |       ||    45
       Chain mail        |       |    17 |   146 |   251 |     3 ||   417
Dodge: Dodged            |    38 |    70 |   138 |   168 |     4 ||   418
Block: Other             |       |       |    21 |   105 |     3 ||   129
       Reflection        |       |       |     1 |    10 |       ||    11

Vanquished Creatures
  Josephine (D:13)
  A catoblepas (D:13)
  2 centaur warriors
  2 two-headed ogres
  A boulder beetle (D:13)
  3 death yaks
  2 deep elf pyromancers (D:12)
  6 ugly things
  4 cyclopes
  3 manticores
  A black mamba (D:11)
  Joseph (D:8)
  A torpor snail (Lair:1)
  An unseen horror (D:10)
  2 gargoyles (D:11)
  An efreet (D:11)
  A freezing wraith (D:11)
  A komodo dragon (D:11)
  3 tengu conjurers
  3 meliai (D:13)
  2 trolls
  A hornet (D:8)
  9 slime creatures (D:13)
  A shadow (D:12)
  A vampire (D:11)
  8 wraiths
  A wyvern (D:9)
  23 yaks
  3 basilisks
  A water moccasin (D:6)
  An acid dragon (D:11)
  4 orc warriors
  An ice beast (D:5)
  2 black bears
  2 sky beasts
  5 wolves
  3 ogres
  5 centaurs
  2 phantoms
  Blork the orc (D:4)
  5 kobold brigands
  2 gnoll sergeants
  4 bullfrogs
  3 scorpions
  2 necrophages (D:6)
  A water moccasin zombie (D:7)
  4 wights (D:9)
  3 killer bees (D:10)
  9 howler monkeys
  A bullfrog zombie (D:7)
  5 centaur zombies (D:7)
  2 jellies
  10 orc priests
  A hound (D:5)
  Crazy Yiuf (D:5)
  A gnoll bouda (D:6)
  2 iguanas
  Terence (D:2)
  14 orc wizards
  4 hell rats (D:11)
  A howler monkey zombie (D:7)
  Robin (D:4)
  14 gnolls
  4 adders
  A river rat (D:11)
  3 white imps
  An ufetubus (D:4)
  A worm (D:4)
  4 dart slugs
  32 orcs
  4 endoplasms
  5 giant cockroaches
  10 goblins
  4 hobgoblins
  11 jackals
  26 kobolds
  2 quokkas
  3 ball pythons
  8 bats
  2 frilled lizards
  6 rats
334 creatures vanquished.

Vanquished Creatures (others)
  10 fungi
  2 plants (Lair:1)
12 creatures vanquished.

Grand Total: 346 creatures vanquished
